 Dungeon Crawl Stone Soup version bcrawl-1.21.3-2-g9d8a61a446 (webtiles) character file.

Game seed: 17197886278036981760

159678 Dyss the Ruinous (level 17, -4/119 HPs)
             Began as a Fairy Conjurer on Apr 25, 2020.
             Was the Champion of Vehumet.
             Slain by a wolf spider (5 damage)
             ... on level 2 of the Spider Nest.
             The game lasted 01:14:29 (28477 turns).

Dyss the Ruinous (Fairy Conjurer)                  Turns: 28477, Time: 01:14:30

Health: -4/119     AC: 11    Str: 10    XL:     17   Next: 74%
Magic:  38/38      EV: 14    Int: 28    God:    Vehumet [******]
Gold:   4053       SH:  0    Dex: 13    Spells: 27/46 levels left

rFire    . . .     SeeInvis .   C - +5 spear of the Reaper {pierce, +Inv MR+ Str+4}
rCold    + . .     Gourm    .   (shield restricted)
rNeg     . . .     Faith    .   (armour unavailable)
rPois    +         Spirit   .   O - +2 hat {MR+}
rElec    .         Reflect  .   a - +0 cloak
rCorr    .         Harm     .   (no gloves)
MR       +++..                  (no boots)
Stlth    +.........             (no amulet)
HPRegen  0.29/turn              Z - ring "Ycuhel" {rPois rF+}
MPRegen  0.26/turn              V - ring "Qettorch" {rPois rF- rC+ Int+2}

@: flying evasively, held
A: small, magic attunement, unstealthy, unfitting armour, able to fly, AC/SH +8
a: Stop Flying, Renounce Religion, Evoke Invisibility


You were on level 2 of the Spider Nest.
You worshipped Vehumet.
Vehumet was exalted by your worship.
You were near starving.

You visited 6 branches of the dungeon, and saw 25 of its levels.

You collected 4458 gold pieces.
You spent 405 gold pieces at shops.

Inventory:

Hand Weapons
 B - the +0 spear of Qausulicw {flame, rElec rPois Str+5 Int-5}
   (You found it on level 7 of the Dungeon)

   It has been specially enchanted to burn those struck by it, causing extra
   injury to most foes and up to half again as much damage against particularly
   susceptible opponents.
   It affects your strength (+5).
   It affects your intelligence (-5).
   It insulates you from electricity.
   It protects you from poison.
 C - the +5 spear of the Reaper (weapon) {pierce, +Inv MR+ Str+4}
   (You found it on level 7 of the Dungeon)

   It inflicts extra damage upon your enemies.
   It affects your strength (+4).
   It affects your resistance to hostile enchantments.
   It lets you turn invisible.
 J - the +5 falchion "Goblinbane" {speed, rF+}
   (You found it on level 2 of the Spider Nest)

   Attacks with this weapon are significantly faster.
   It protects you from fire.
Missiles
 t - 3 throwing nets (quivered) {!f}
Armour
 a - a +0 cloak (worn)
 O - a +2 hat of magic resistance (worn)
Magical Staves
 H - an uncursed staff of fire {unknown}
Jewellery
 p - an uncursed ring of magical power
 r - an uncursed ring of insulation
 z - an uncursed ring of magical power
 L - an uncursed amulet of regeneration
 M - an uncursed ring of stealth
 Q - a +1 ring of evasion
 T - an uncursed ring of wizardry
 U - an uncursed ring of protection from cold
 V - the ring "Qettorch" (right hand) {rPois rF- rC+ Int+2}
   (You bought it in a shop in the Orcish Mines)

   [ring of poison resistance]

   It affects your intelligence (+2).
   It makes you vulnerable to fire.
   It protects you from cold.
   It protects you from poison.
 W - a +4 ring of evasion
 Z - the ring "Ycuhel" (left hand) {rPois rF+}
   (You found it on level 1 of the Spider Nest)

   [ring of poison resistance]

   It protects you from fire.
   It protects you from poison.
Wands
 v - a wand of random effects (10)
 y - a wand of acid (10)
 E - a wand of disintegration (19)
 K - a wand of iceblast (18)
 X - a wand of flame (9)
Scrolls
 c - 3 scrolls of immolation
 d - 4 scrolls of teleportation
 f - 19 scrolls of remove curse
 i - a scroll of torment
 j - a scroll of fog
 k - 2 scrolls of magic mapping
 m - 3 scrolls of enchant armour
 u - 6 scrolls of blinking
 w - 2 scrolls of vulnerability
 F - 2 scrolls of enchant weapon
 G - 6 scrolls of amnesia
 P - 2 scrolls of summoning
 S - a scroll of brand weapon
 Y - a scroll of identify
Potions
 b - 3 potions of magic
 g - a potion of heal wounds
 h - 4 potions of mutation
 l - 3 potions of brilliance
 n - 2 potions of agility
 o - 4 potions of ambrosia
 q - 10 potions of curing
 s - 8 potions of lignification
 x - 3 potions of might
 A - a potion of resistance {unknown}
 D - 2 potions of invisibility {unknown}
 I - 4 potions of haste
 N - a potion of cancellation {unknown}
Miscellaneous
 R - a lamp of fire
Comestibles
 e - 39 rations {!d}


   Skills:
 + Level 11.8 Fighting
 + Level 16.2 Dodging
 - Level 1.5 Stealth
 + Level 15.1 Spellcasting
 * Level 21.0 Conjurations
 + Level 6.0 Charms
 - Level 7.1 Transmutations
 - Level 7.1 Fire Magic
 - Level 7.0 Earth Magic


You had 27 spell levels left.
You knew the following spells:

 Your Spells              Type           Power        Failure   Level  Hunger
a - Magic Dart            Conj           ####         0%          1    None
b - Iskenderun's Mystic   Conj           #######.     0%          3    None
c - Irradiate             Conj/Tmut      #######...   1%          5    None
d - Bolt of Magma         Conj/Fire/Erth ######....   1%          5    None
e - Iskenderun's Battles  Conj/Chrm      #######.     1%          5    None

Your spell library contained the following spells:

 Spells                   Type           Power        Failure   Level  Hunger
 Conjure Ball Lightning   Conj/Air       ######....   1%          6    None
 Searing Ray              Conj           #######.     0%          2    None
 Stone Arrow              Conj/Erth      ######       0%          3    None
 Beastly Appendage        Tmut           ######       1%          1    None
 Infusion                 Chrm           ######..     1%          1    None
 Sandblast                Erth           ######       1%          1    None
 Passwall                 Tmut/Erth      ######..     1%          2    None
 Sticks to Snakes         Tmut           ######..     1%          2    None
 Dazzling Spray           Conj/Hex       ######       1%          3    None
 Spider Form              Tmut/Pois      ###          1%          3    None
 Fulminant Prism          Conj/Hex       ######....   1%          4    None
 Petrify                  Tmut/Erth      ######..     1%          4    None
 Lee's Rapid Deconstruct  Erth           ######....   1%          5    None
 Bolt of Cold             Conj/Ice       ######....   1%          6    None
 Apportation              Tloc           ###...       2%          1    None
 Corona                   Hex            ###....      2%          1    None
 Slow                     Hex            ###.....     2%          1    None
 Summon Butterflies       Summ           ###.....     2%          1    None
 Ensorcelled Hibernation  Hex/Ice        ###...       3%          2    None
 Blade Hands              Tmut           ######....   3%          5    None
 Ice Form                 Ice/Tmut       #####...     5%          4    None
 Beckoning                Tloc           ###.......   7%          3    None
 Confuse                  Hex            ###.....     7%          3    None
 Tukima's Dance           Hex            ###.....     7%          3    None
 Metabolic Englaciation   Hex/Ice        ###.......   54%         5    None
 Ozocubu's Refrigeration  Ice            ###.......   65%         6    None
 Freezing Cloud           Ice/Air        ###.......   98%         6    None
 Invisibility             Hex            ###.....     98%         6    None
 Simulacrum               Ice/Necr       ###.......   98%         6    None


Dungeon Overview and Level Annotations

Branches:
Dungeon (12/12)            Temple (1/1) D:5            Lair (6/6) D:7
 Shoals (0/3) Lair:4       Spider (2/3) Lair:4        Slime (0/5) Lair:6
    Orc (1/1) D:10            Elf (3/3) Orc          Vaults (0/3) D:11
 Depths (0/5) D:12

Altars:
Ashenzari
Cheibriados
Dithmenos
Elyvilon
Fedhas
Gozag
Hepliaklqana
Kikubaaqudgha
Lugonu
Makhleb
Nemelex Xobeh
Okawaru
Qazlal
Ru
Sif Muna
Trog
Uskayaw
Vehumet
Wu Jian
Xom
Yredelemnul
Zin
The Shining One
Beogh
Jiyva

Shops:
D:6 }   Orc =[([   Elf:1 }

Annotations:
D:9 3 runed translucent doors, Lazarus1551's ghost, novice SpEE
Lair:3 1 runed translucent door, funkygono's ghost, journeyman FrCj


Innate Abilities, Weirdness & Mutations

Your spells do not cause hunger and MP costs are reduced by 1.
Your bright wings attract enemies. (Stealth-)
You cannot fit into any form of body armour.
Your shimmering scales are hard and can block incoming attacks. (AC +8, SH +8)
You are small and have problems with some larger weapons.
You can fly continuously.


Message History

The wolf spider barely misses you. The wolf spider bites you!
The wolf spider hits you!
The wolf spider bites you but does no damage.
As you read the scroll of fog, it crumbles to dust.
The scroll dissolves into smoke.
The tarantella barely misses you.
The jumping spider leaps!
The wolf spider hits you!
* * * LOW HITPOINT WARNING * * *
The wolf spider bites you.
* * * LOW HITPOINT WARNING * * *
The wolf spider hits you but does no damage.
The wolf spider bites you but does no damage.
The redback closely misses you.
The wolf spider hits you but does no damage.
The wolf spider bites you!
* * * LOW HITPOINT WARNING * * *
The tarantella bites you but does no damage.
The wolf spider hits you!!
* * * LOW HITPOINT WARNING * * *
The wolf spider bites you.
You die...

...........#.#....#≈≈≈##
...........#......^^.≈≈#
#^...................≈≈#
............<...#.s..≈≈#
.....^#..............≈##
..^....^......s......#≈#
.........#...s..§.§...#
...............ss§....###
..............ss@s§.....≈#
.......[..^....sss.....#≈#
..............§.s§......≈#
.^......^..#^...#..#.##.^^
........>...............#.
............†............
...^.......†#.........#..
.....................†...
..^....................#.


You could see 5 wolf spiders, 2 orb spiders, a jumping spider, 2 tarantellas and
2 redbacks.

Vanquished Creatures
  Saint Roka (Orc)
  Gastronok (Lair:3)
  Jorgrun (D:11)
  A deep elf blademaster (Elf:2)
  Agnes (D:12)
  A ghost moth (Spider:1)
  An emperor scorpion (Spider:2)
  3 entropy weavers (Spider:1)
  Nessos (Lair:5)
  3 deep elf demonologists
  2 fire dragons
  Snorg (Lair:6)
  Josephine (Lair:6)
  8 hydras
  Fannar (Lair:1)
  Harold (Lair:4)
  An anaconda (Lair:6)
  25 dancing weapons
  An alligator (Lair:5)
  An ogre mage (D:12)
  4 two-headed ogres (D:12)
  A queen ant (Lair:5)
  A tengu warrior (D:12)
  Urug (Lair:4)
  An orc high priest (Orc)
  Sonja (Lair:3)
  16 deep elf knights
  A wizard (D:12)
  An orc knight (Orc)
  2 lindwurms (Lair:6)
  7 deep elf archers
  2 cyclopes
  10 orb spiders
  43 deep elf magi
  14 wolf spiders
  2 wolf spider zombies (D:12)
  3 manticores
  3 orc sorcerers
  3 oklob plants (Lair:6)
  A moth of wrath (Spider:1)
  8 elephants
  5 black mambas
  A gargoyle (D:12)
  6 cane toads
  8 torpor snails
  2 naga magi (D:12)
  6 rime drakes
  5 demonic crawlers
  2 centaur skeletons (D:11)
  An efreet (D:12)
  6 komodo dragons
  4 trolls
  14 jumping spiders
  3 tyrant leeches (Lair:6)
  4 polar bears
  9 hornets
  6 slime creatures (D:11)
  9 blink frogs
  A harpy skeleton (D:12)
  2 dream sheep (Lair:6)
  21 hippogriffs
  2 meliai zombies
  4 water elementals
  31 redbacks
  A spriggan (D:7)
  3 wraiths (Lair:6)
  9 tarantellas
  4 air elementals
  A vampire (D:10)
  35 yaks
  7 basilisks
  A golden eye (shapeshifter) (D:12)
  8 wyverns
  A hungry ghost (D:11)
  An acid dragon (Lair:3)
  3 wargs
  20 soldier ants (Lair:5)
  12 crocodiles
  6 water moccasins
  5 porcupines
  5 sky beasts
  An ice beast (D:11)
  33 orc warriors
  A phantom (D:7)
  6 centaurs (D:12)
  8 ogres
  6 wolves (Lair:4)
  2 big kobolds
  13 bullfrogs
  3 earth elementals
  4 scorpions
  7 wights
  2 electric eels
  4 crimson imps
  A howler monkey (D:5)
  5 hounds
  4 jellies
  20 orc priests
  5 iguanas
  Jessica (D:2)
  22 orc wizards
  26 worker ants
  7 hell rats
  A hound zombie (D:5)
  2 hound skeletons
  3 gnolls (D:6)
  4 howler monkey skeletons
  4 adders
  3 shadow imps
  An ooze (D:3)
  An adder zombie (D:6)
  3 adder skeletons
  4 worms
  3 dart slugs
  A leopard gecko (D:2)
  93 orcs
  3 bat zombies (D:3)
  A giant cockroach (D:1)
  4 goblins
  12 hobgoblins
  10 jackals
  2 quokkas
  2 ball pythons (D:2)
  5 bats
  3 frilled lizards
  14 kobolds
  A leopard gecko zombie (D:6)
  7 rats
  A butterfly (Lair:6)
  5 fungi
  A plant (Lair:6)
830 creatures vanquished.

Vanquished Creatures (others)
  A dancing weapon (Elf:2)
  9 fungi
  17 plants
  2 withered plants (Lair:3)
29 creatures vanquished.

Grand Total: 859 creatures vanquished

Notes
Turn   | Place    | Note
-------+----------+-------------------------------------------
     0 | D:1      | Dyss the Fairy Conjurer began the quest for the Orb.
     0 | D:1      | Reached XP level 1. HP: 11/11 MP: 6/6
    17 | D:1      | Reached skill level 5 in Conjurations
    37 | D:1      | Reached XP level 2. HP: 17/17 MP: 7/7
   615 | D:1      | Reached XP level 3. HP: 21/21 MP: 9/9
   655 | D:1      | Reached skill level 6 in Conjurations
   724 | D:1      | Learned a level 3 spell: Iskenderun's Mystic Blast
   817 | D:2      | Noticed Jessica
   821 | D:2      | Killed Jessica
   821 | D:2      | Reached XP level 4. HP: 27/27 MP: 7/10
  1527 | D:3      | Reached skill level 7 in Conjurations
  1550 | D:3      | Reached XP level 5. HP: 31/31 MP: 7/11
  1584 | D:3      | Found a corrupted altar of Lugonu.
  1780 | D:3      | Reached skill level 8 in Conjurations
  1810 | D:3      | Found a stormy altar of Qazlal.
  1917 | D:3      | Reached XP level 6. HP: 37/37 MP: 12/12
  1921 | D:3      | Found a burning altar of Makhleb.
  2215 | D:3      | Found an ancient bone altar of Kikubaaqudgha.
  2439 | D:4      | Reached skill level 1 in Fighting
  2627 | D:4      | Noticed a sky beast
  2630 | D:4      | Killed a sky beast
  2630 | D:4      | Reached XP level 7. HP: 44/44 MP: 7/14
  2705 | D:4      | Reached skill level 9 in Conjurations
  2869 | D:4      | Found a shadowy altar of Dithmenos.
  3190 | D:5      | Entered Level 5 of the Dungeon
  3357 | D:5      | Reached XP level 8. HP: 51/51 MP: 16/16
  3410 | D:5      | Reached skill level 5 in Dodging
  3523 | D:5      | Found a staircase to the Ecumenical Temple.
  3538 | Temple   | Entered the Ecumenical Temple
  3545 | Temple   | Became a worshipper of Vehumet
  3725 | D:5      | Found a snail-covered altar of Cheibriados.
  3931 | D:5      | Reached skill level 5 in Spellcasting
  4203 | D:6      | Reached skill level 10 in Conjurations
  4683 | D:6      | Found Codaum's Gadget Shoppe.
  5225 | D:6      | Reached * piety under Vehumet
  5225 | D:6      | Offered knowledge of Sandblast by Vehumet.
  5539 | D:7      | Reached XP level 9. HP: 58/58 MP: 11/19
  5560 | D:7      | Reached skill level 11 in Conjurations
  5673 | D:7      | Found a flagged portal.
  5678 | D:7      | Got a crystal spear
  5680 | D:7      | Got an iridescent spear
  5711 | D:7      | Found a staircase to the Lair.
  5712 | D:7      | Identified the cursed +0 spear of Qausulicw {flame, rElec
                  | rPois Str+5 Int-5} (You found it on level 7 of the Dungeon)
  5714 | D:7      | Identified the +5 spear of the Reaper {pierce, +Inv MR+
                  | Str+4} (You found it on level 7 of the Dungeon)
  5810 | D:7      | Learned a level 5 spell: Irradiate
  5848 | D:7      | Noticed a troll
  5852 | D:7      | Killed a troll
  5852 | D:7      | Reached skill level 1 in Transmutations
  6207 | D:7      | Reached ** piety under Vehumet
  6216 | D:7      | Offered knowledge of Throw Frost by Vehumet.
  6266 | D:7      | Reached skill level 12 in Conjurations
  6314 | D:7      | Reached XP level 10. HP: 65/65 MP: 19/22
  6792 | D:7      | Reached skill level 5 in Fighting
  6934 | D:7      | Found a hazy altar of Hepliaklqana.
  7441 | D:8      | Offered knowledge of Ignite Poison by Vehumet.
  7926 | D:9      | Reached skill level 13 in Conjurations
  7999 | D:9      | Found a runed translucent gate.
  7999 | D:9      | Found a runed translucent gate.
  7999 | D:9      | Found a runed translucent gate.
  8001 | D:9      | Noticed Lazarus1551's ghost (novice SpEE)
  8001 | D:9      | Noticed an 11-headed hydra
  8204 | D:9      | Reached *** piety under Vehumet
  8303 | D:9      | Reached XP level 11. HP: 72/72 MP: 19/25
  8547 | D:9      | Found a hazy altar of Hepliaklqana.
  8907 | Lair:1   | Entered Level 1 of the Lair of Beasts
  8986 | Lair:1   | Offered knowledge of Airstrike by Vehumet.
  9349 | Lair:1   | Noticed Fannar
  9354 | Lair:1   | Killed Fannar
  9354 | Lair:1   | Reached skill level 5 in Transmutations
  9945 | Lair:2   | Reached skill level 14 in Conjurations
  9980 | Lair:3   | Reached skill level 10 in Dodging
 10001 | Lair:2   | Reached **** piety under Vehumet
 10813 | Lair:2   | Reached XP level 12. HP: 80/80 MP: 16/27
 11571 | Lair:3   | Offered knowledge of Sticky Flame by Vehumet.
 11623 | Lair:3   | Reached skill level 10 in Spellcasting
 11746 | Lair:3   | Found a runed translucent door.
 11747 | Lair:3   | Noticed funkygono's ghost (journeyman FrCj)
 11821 | Lair:3   | Reached skill level 15 in Conjurations
 11896 | Lair:3   | Noticed a four-headed hydra
 11902 | Lair:3   | Killed a four-headed hydra
 12419 | Lair:3   | Noticed Gastronok
 12428 | Lair:3   | Killed Gastronok
 12566 | Lair:3   | Noticed Sonja
 12567 | Lair:3   | Killed Sonja
 13001 | Lair:4   | Noticed Harold
 13138 | Lair:4   | Reached XP level 13. HP: 88/88 MP: 26/29
 13153 | Lair:4   | Reached skill level 16 in Conjurations
 13262 | Lair:4   | Found a staircase to the Shoals.
 13416 | Lair:4   | Found a hole to the Spider Nest.
 13526 | Lair:4   | Reached ***** piety under Vehumet
 13526 | Lair:4   | Offered knowledge of Bolt of Magma by Vehumet.
 13607 | Lair:4   | Killed Harold
 13804 | Lair:4   | Noticed Urug
 13808 | Lair:4   | Killed Urug
 14808 | Lair:5   | Reached skill level 17 in Conjurations
 15233 | Lair:5   | Reached XP level 14. HP: 97/97 MP: 26/32
 15308 | Lair:5   | Learned a level 5 spell: Bolt of Magma
 15614 | Lair:5   | Reached skill level 1 in Fire Magic
 15617 | Lair:5   | Offered knowledge of Iskenderun's Battlesphere by Vehumet.
 15624 | Lair:5   | Learned a level 5 spell: Iskenderun's Battlesphere
 15647 | Lair:5   | Reached skill level 1 in Earth Magic
 15749 | Lair:5   | Noticed Nessos
 15757 | Lair:5   | Killed Nessos
 16019 | Lair:6   | Entered Level 6 of the Lair of Beasts
 16161 | Lair:6   | Noticed Josephine
 16166 | Lair:6   | Killed Josephine
 16296 | Lair:6   | Noticed Snorg
 16301 | Lair:6   | Killed Snorg
 16494 | Lair:6   | Found a viscous altar of Jiyva.
 16497 | Lair:6   | Found a staircase to the Slime Pits.
 16989 | Lair:6   | Found a runed door.
 17483 | Lair:6   | Reached skill level 18 in Conjurations
 18172 | D:10     | Entered Level 10 of the Dungeon
 18884 | D:10     | Found a staircase to the Orcish Mines.
 19131 | D:11     | Offered knowledge of Lightning Bolt by Vehumet.
 19418 | D:11     | Found a gate to the Vaults.
 19458 | D:11     | Reached XP level 15. HP: 103/103 MP: 26/33
 19742 | D:11     | Found a blossoming altar of Fedhas.
 19746 | D:11     | Noticed Jorgrun
 19757 | D:11     | Killed Jorgrun
 19757 | D:11     | Reached skill level 10 in Fighting
 19757 | D:11     | Reached skill level 5 in Fire Magic
 19819 | D:11     | Reached skill level 5 in Earth Magic
 20056 | D:12     | Entered Level 12 of the Dungeon
 20641 | D:12     | Noticed Agnes
 20648 | D:12     | Killed Agnes
 21080 | D:12     | Found a staircase to the Depths.
 21331 | Orc      | Entered the Orcish Mines
 21380 | Orc      | Found a staircase to the Elven Halls.
 21403 | Orc      | Offered knowledge of Bolt of Fire by Vehumet.
 21442 | Orc      | Found a roughly hewn altar of Beogh.
 21900 | Orc      | Noticed Saint Roka
 22175 | Orc      | Found a roughly hewn altar of Beogh.
 22234 | Orc      | Found a roughly hewn altar of Beogh.
 22273 | Orc      | Found a roughly hewn altar of Beogh.
 22306 | Orc      | Found Ket Rufifu's Jewellery Emporium.
 22314 | Orc      | Bought the ring "Qettorch" {rPois rF- rC+ Int+2} for 405
                  | gold pieces
 22614 | Orc      | Killed Saint Roka
 22614 | Orc      | Reached skill level 19 in Conjurations
 22715 | Orc      | Found Neruntu's Antique Weapon Emporium.
 22716 | Orc      | Found a roughly hewn altar of Beogh.
 22717 | Orc      | Found Ihiec's Antique Armour Shoppe.
 22815 | Orc      | Found a roughly hewn altar of Beogh.
 22820 | Orc      | Found Cuzoaps's Armour Boutique.
 22942 | Elf:1    | Entered Level 1 of the Elven Halls
 23116 | Elf:1    | Reached XP level 16. HP: 110/110 MP: 18/35
 23217 | Elf:1    | Reached skill level 1 in Charms
 23307 | Elf:1    | Found Tillef's Gadget Boutique.
 23438 | Elf:1    | Reached ****** piety under Vehumet
 23646 | Elf:1    | Offered knowledge of Iron Shot by Vehumet.
 24089 | Elf:1    | Reached skill level 15 in Dodging
 24527 | Elf:2    | Reached skill level 20 in Conjurations
 24618 | Elf:2    | Identified a scroll of acquirement
 24619 | Elf:2    | Identified the Papyrus of Creative Stones (You acquired it
                  | on level 2 of the Elven Halls)
 24661 | Elf:2    | Found a runed gate.
 24661 | Elf:2    | Found a runed gate.
 24661 | Elf:2    | Found a runed gate.
 24976 | Elf:2    | Noticed a deep elf blademaster
 24983 | Elf:2    | Killed a deep elf blademaster
 25011 | Elf:2    | Reached XP level 17. HP: 63/117 MP: 27/37
 25400 | Elf:3    | Entered Level 3 of the Elven Halls
 25417 | Elf:3    | HP: 5/117 [deep elf annihilator/iron shot (59)]
 25605 | Elf:3    | Noticed a Hell Sentinel
 26018 | Spider:1 | Entered Level 1 of the Spider Nest
 26639 | Spider:1 | Reached skill level 5 in Charms
 26639 | Spider:1 | Offered knowledge of Icicle Burst by Vehumet.
 27224 | Spider:1 | Reached skill level 15 in Spellcasting
 27530 | Spider:1 | Got a vibrating lapis lazuli ring
 27953 | Spider:1 | Identified the ring "Ycuhel" {rPois rF+} (You found it on
                  | level 1 of the Spider Nest)
 28057 | Spider:2 | Reached skill level 21 in Conjurations
 28347 | Spider:2 | Offered knowledge of Conjure Ball Lightning by Vehumet.
 28428 | Spider:2 | Got a slimy falchion
 28429 | Spider:2 | Identified the +5 falchion "Goblinbane" {speed, rF+} (You
                  | found it on level 2 of the Spider Nest)
 28477 | Spider:2 | HP: 1/119 [wolf spider (20)]
 28477 | Spider:2 | Slain by a wolf spider

Skill      XL: |  1  2  3  4  5  6  7  8  9 10 11 12 13 14 15 16 17 |
---------------+----------------------------------------------------+-----
Conjurations   | 5 6 7 8 9 10 12 13 14 15 17 18 19 20 21 | 21.0
Dodging        | 3 4 6 7 9 10 11 12 13 14 15 16 | 16.2
Spellcasting   | 3 4 5 7 8 9 10 12 13 14 15 | 15.1
Fighting       | 1 2 3 4 5 6 8 9 10 11 | 11.8
Transmutations | 2 4 5 7 |  7.1
Fire Magic     | 4 7 |  7.1
Earth Magic    | 4 7 |  7.0
Charms         | 4 6 |  6.0
Stealth        | |  1.5

Action                   |  1- 3 |  4- 6 |  7- 9 | 10-12 | 13-15 | 16-18 || total
-------------------------+-------+-------+-------+-------+-------+-------++-------
Melee: Unarmed           |       |       |     3 |       |       |       ||     3
       Spear             |       |       |       |     1 |       |     1 ||     2
 Cast: Magic Dart        |    46 |   106 |   163 |    57 |    19 |       ||   391
       Iskenderun's Myst |       |    25 |    91 |   270 |   766 |   343 ||  1495
       Irradiate         |       |       |       |       |     1 |    20 ||    21
       Iskenderun's Batt |       |       |       |       |     7 |    12 ||    19
  Use: Scroll            |       |       |     1 |    17 |     7 |     9 ||    34
       Potion            |       |       |       |     3 |     4 |     6 ||    13
  Eat: Chunk             |       |     5 |     8 |    18 |    25 |     8 ||    64
       Ration            |       |       |     1 |     1 |     1 |     2 ||     5
Armor: Skin              |     1 |     1 |     3 |    25 |    20 |    38 ||    88
Dodge: Dodged            |     4 |    18 |    30 |    75 |   164 |   258 ||   549
Block: Other             |       |     3 |    12 |    38 |    75 |    97 ||   225
